 Dungeon Crawl Stone Soup version 0.23.1 (webtiles) character file.

Game seed: 6219954463169473676

74 Borgoz the Skirmisher (level 4, -3/40 HPs)
             Began as a Minotaur Monk on Mar 7, 2019.
             Slain by a gnoll
             ... wielding a +0 whip
              (9 damage)
             ... on level 2 of the Dungeon.
             The game lasted 00:01:56 (1539 turns).

Borgoz the Skirmisher (Minotaur Monk)               Turns: 1539, Time: 00:01:57

Health: -3/40      AC:  3    Str: 15    XL:     4   Next: 10%
Magic:  3/3        EV: 14    Int:  8    God:
Gold:   94         SH:  0    Dex: 13    Spells: 3/3 levels left

rFire    . . .     SeeInvis .   a - +0 hand axe
rCold    . . .     Gourm    .   (no shield)
rNeg     . . .     Faith    .   b - +0 robe
rPois    .         Spirit   .   (helmet restricted)
rElec    .         Reflect  .   g - +0 cloak
rCorr    .         Harm     .   (no gloves)
MR       .....                  (no boots)
Stlth    ++........             (no amulet)
HPRegen  0.13/turn              (no ring)
MPRegen  0.08/turn              (no ring)

@: no status effects
A: retaliatory headbutt, horns 2
a: no special abilities


You were on level 2 of the Dungeon.
You were not hungry.

You visited 1 branch of the dungeon, and saw 2 of its levels.

You collected 94 gold pieces.

Inventory:

Hand Weapons
 a - a +0 hand axe (weapon)
Missiles
 f - 3 tomahawks (quivered)
Armour
 b - a +0 robe (worn)
 g - a +0 cloak (worn)
 k - a +0 buckler
Scrolls
 d - 2 scrolls of teleportation {unknown}
 h - a scroll of fear {unknown}
 j - 2 scrolls of random uselessness {unknown}
 m - a scroll of amnesia {unknown}
 o - a scroll of identify {unknown}
Potions
 e - a potion of haste {unknown}
 i - a potion of resistance {unknown}
 l - a potion of flight {unknown}
 n - a potion of degeneration {unknown}
 p - 2 potions of cancellation {unknown}
Comestibles
 c - 5 rations


   Skills:
 * Level 4.2 Fighting
 * Level 4.1 Axes
 * Level 2.2 Armour
 * Level 3.8 Dodging
 - Level 1.5 Stealth
 + Level 0.3 Spellcasting


You had 3 spell levels left.
You didn't know any spells.
Your spell library was empty.

Dungeon Overview and Level Annotations

Branches:
Dungeon (2/15)

Altars:
Makhleb
Sif Muna


Innate Abilities, Weirdness & Mutations

You reflexively headbutt those who attack you in melee.
You have a pair of horns on your head.


Message History

The gnoll hits you with a +0 whip!
You are too injured to fight recklessly!
You are too injured to fight recklessly!
You are too injured to fight recklessly!
You are too injured to fight recklessly!
You are too injured to fight recklessly!
You hit the gnoll but do no damage.
The gnoll is moderately wounded.
The gnoll barely misses you.
You closely miss the gnoll. You headbutt the gnoll.
The gnoll is heavily wounded.
The gnoll misses you.
You completely miss the gnoll.
The gnoll is heavily wounded.
The gnoll hits you with a +0 whip!
* * * LOW HITPOINT WARNING * * *
You barely miss the gnoll. Your headbutt misses the gnoll.
The gnoll is heavily wounded.
The gnoll hits you with a +0 whip!
You die...

.# #.#.# #....## .#
###.#.# ...#<.. .#
#...#.######.... .#
####.#.#)..........
.#
#........)...$.....
.#
#.###...##().......
.#
.......###.).####.
.#
..#..##..)#.......
.## #. #.#
#@#.#.....#. ..## #
##.gg###.#....#
..8# #.#. .#....#
...# #. ## .###..#
..### #. #. ..#
...8# # # ## ..###
....# ..###


You could see a gnoll and a goblin.

Vanquished Creatures
  2 adders (D:2)
  3 worms (D:2)
  A dart slug (D:1)
  2 leopard geckos (D:1)
  2 bats
  A giant cockroach (D:1)
  8 goblins
  5 hobgoblins
  A quokka (D:2)
  A frilled lizard (D:2)
  11 kobolds
  4 rats
41 creatures vanquished.

Notes
Turn   | Place    | Note
-------+----------+-------------------------------------------
     0 | D:1      | Borgoz the Minotaur Monk began the quest for the Orb.
     0 | D:1      | Reached XP level 1. HP: 19/19 MP: 0/0
   266 | D:1      | Reached XP level 2. HP: 10/27 MP: 1/1
   277 | D:1      | Reached skill level 1 in Armour
  1026 | D:2      | Reached XP level 3. HP: 27/33 MP: 2/2
  1435 | D:2      | Found a deep blue altar of Sif Muna.
  1437 | D:2      | Found a burning altar of Makhleb.
  1519 | D:2      | Reached XP level 4. HP: 27/40 MP: 3/3
  1539 | D:2      | Slain by a gnoll

Skill      XL: |  1  2  3 |
---------------+----------+-----
Armour         | 1 2 |  2.2
Fighting       | 4 |  4.2
Axes           | 4 |  4.1
Dodging        | |  3.8
Stealth        | |  1.5
Spellcasting   | |  0.3

Action                   |  1- 3 |  4- 6 || total
-------------------------+-------+-------++-------
Melee: Hand axe          |    91 |    10 ||   101
       Headbutt          |     8 |     1 ||     9
 Stab: Sleeping          |     7 |       ||     7
  Eat: Chunk             |     1 |     1 ||     2
Armor: Robe              |    18 |       ||    18
Dodge: Dodged            |    58 |     7 ||    65
